 Dungeon Crawl Stone Soup version 0.16.1-11-g651b585 (webtiles) character file.

85677 jacksonaction the Bludgeoner (level 15, -19/124 HPs)
             Began as a Minotaur Fighter on Apr 7, 2015.
             Was a High Priest of Okawaru.
             Killed from afar by Nikola (34 damage)
             ... with a chain lightning
             ... on level 4 of the Spider Nest.
             The game lasted 03:31:03 (30241 turns).

jacksonaction the Bludgeoner (Minotaur Fighter)    Turns: 30241, Time: 03:31:03

Health: -19/124    AC: 28    Str: 24    XL:     15   Next: 38%
Magic:  25/25      EV: 18    Int:  5    God:    Okawaru [*****.]
Gold:   1037       SH: 19    Dex: 13    Spells: 1 memorised, 19 levels left

rFire  + . .     SeeInvis .     u - +5 whip (elec)
rCold  . . .     Clarity  .     n - +3 plate armour {rPois}
rNeg   . . .     SustAb   .     i - +4 shield {reflect}
rPois  +         Gourm    .     I - +1 hat
rElec  .         Spirit   .     V - +1 cloak {+Inv}
rCorr  .         Warding  .     H - +1 pair of gloves
rMut   .         Stasis   .     (no boots)
MR     +....                    r - amulet of rage
Stlth  ..........               m - +6 ring of evasion
                                t - ring "Xasuuh" {Wiz rF+}

@: heroism, somewhat resistant to hostile enchantments, extremely unstealthy
A: retaliatory headbutt, horns 2
a: Heroism, Finesse, Renounce Religion, Evoke Berserk Rage, Evoke Invisibility


You were on level 4 of the Spider Nest.
You worshipped Okawaru.
Okawaru was extremely pleased with you.
You were not hungry.

You visited 4 branches of the dungeon, and saw 23 of its levels.
You also visited: Sewer.

You collected 2494 gold pieces.
You spent 1457 gold pieces at shops.

Inventory:

Hand weapons
 u - a +5 whip of electrocution (weapon)
 Q - a +4 demon whip of venom
Missiles
 l - 8 silver tomahawks
 C - 12 steel tomahawks (quivered)
 O - 5 javelins of returning
 Z - 31 tomahawks
Armour
 i - a +4 shield of reflection (worn)
 n - a +3 plate armour of poison resistance (worn)
 H - a +1 pair of gloves (worn)
 I - a +1 hat (worn)
 V - a +1 cloak of invisibility (worn)
Jewellery
 b - an uncursed amulet of resist corrosion
 m - a +6 ring of evasion (right hand)
 r - an amulet of rage (around neck)
 t - the ring "Xasuuh" (left hand) {Wiz rF+}
   (You found it on level 4 of the Spider Nest)

   [ring of wizardry]

   It improves your spell success rate.
   It protects you from fire.
 J - an uncursed ring of see invisible
 U - an uncursed ring of sustain abilities
 Y - an uncursed ring of positive energy
Magical devices
 j - a wand of polymorph (14)
 s - a wand of digging (11)
Scrolls
 c - a scroll of magic mapping
 f - 11 scrolls of remove curse
 g - 5 scrolls of fog
 q - a scroll of identify
 w - a scroll of amnesia
 A - 2 scrolls of fear
 B - 5 scrolls of recharging
 D - 6 scrolls of teleportation
 E - 2 scrolls of blinking
 K - a scroll of acquirement
 M - a scroll of summoning
 P - a scroll of holy word
 R - a scroll of enchant armour
Potions
 a - 2 potions of cure mutation
 e - 2 potions of might
 h - 2 potions of haste
 o - a potion of cancellation
 p - 2 potions of berserk rage
 v - 2 potions of invisibility
 F - 3 potions of agility
 L - a potion of flight
 S - 2 potions of restore abilities
Books
 y - a book of Necromancy

   Spells                             Type                      Level
   a - Pain                           Necromancy                   1
   b - Animate Skeleton               Necromancy                   1
   c - Vampiric Draining              Necromancy                   3
   d - Regeneration                   Charms/Necromancy            3
   e - Animate Dead                   Necromancy                   4
   f - Control Undead                 Necromancy                   4
Comestibles
 d - 7 bread rations
 k - 4 poisonous chunks of flesh
 G - 9 meat rations
 N - a slice of pizza
 T - 12 fruits
 W - 7 royal jellies


   Skills:
 - Level 9.2(14.2) Fighting
 - Level 15.0(20.0) Maces & Flails
 - Level 15.0(20.0) Armour
 + Level 4.5(9.5) Dodging
 - Level 12.0(17.0) Shields
 - Level 4.0 Spellcasting
 - Level 8.0 Necromancy
 - Level 10.0 Invocations
 - Level 8.0 Evocations


You had 19 spell levels left.
You knew the following spells:

 Your Spells              Type           Power        Failure   Level  Hunger
a - Vampiric Draining     Necr           #.........   9%          3    ####...


Dungeon Overview and Level Annotations

Branches:
Dungeon (9/15)             Temple (0/1) D:5            Lair (6/8) D:8
 Shoals (0/5) Lair:3       Spider (4/5) Lair:6          Orc (4/4) D:9
    Elf (0/3) Orc:3
  Slime: Lair:6-8

Altars:
Dithmenos
Gozag
Kikubaaqudgha
Makhleb
Okawaru
Qazlal
Sif Muna
Trog
Vehumet
Xom
Yredelemnul
Zin
The Shining One
Beogh

Shops:
D:2 *   D:6 *   Orc:3 ?   Orc:4 ?!((

Annotations:
D:8 exclusion: statue
Spider:4 Nikola


Innate Abilities, Weirdness & Mutations

You reflexively headbutt those who attack you in melee.
You have a pair of horns on your head.


Message History

Nikola is heavily wounded.
You hit Nikola.
Nikola is heavily wounded.
You closely miss Nikola.
Nikola is heavily wounded.
Nikola mumbles some strange words.
You hear a mighty clap of thunder!
The lightning arc hits you!
The lightning arc hits Nikola.
The lightning arc hits you!
* * * LOW HITPOINT WARNING * * *
The lightning arc hits Nikola.
The lightning arc hits you!
* * * LOW HITPOINT WARNING * * *
You whack Nikola!
Nikola is severely wounded.
You whack Nikola!
There is a sudden explosion of sparks!
Nikola is severely wounded.
Nikola casts a spell.
You hear a mighty clap of thunder!
The lightning arc hits you!
You die...

##...........# #..... #.###
.#...........###.... ##...#
..^..........##....###### ##.[...
..##........#...........###....##
..###.......##..........##......#
..##........##.........#........#
^...#......##..................|.
...###.....##...................#
.### #.#...####.@....##.....^...#
..#####^##.....)@#..###.........#
##...##.#########...# #........##
###....## ##....###.......## #
##...# #^###.# ###.....##
.###...# #.## #.## ####....
......##### ##..####.# ###....
.......##.## ##^.......####......
#....#.....###.#.............#...


You could see Nikola.

Vanquished Creatures
  Arachne (Spider:4)
  Rupert (Spider:4)
  Louise (Spider:3)
  3 emperor scorpions
  2 orc warlords (Orc:4)
  2 stone giants (Orc:4)
  Azrael (Spider:4)
  Snorg (Orc:2)
  Josephine (Orc:4)
  4 hydras
  Harold (Orc:3)
  Erica (Orc:4)
  3 death yaks (Lair:5)
  7 orc high priests (Orc:4)
  Nergalle (Lair:1)
  The ghost of murphyslaw the Covert, an experienced KoAs of Dithmenos (Lair:1)
  9 orb spiders
  13 wolf spiders
  3 orc knights (Orc:4)
  A manticore (Lair:3)
  A hornet (Spider:2)
  3 elephants (Lair:6)
  6 orc sorcerers (Orc:4)
  A griffon (Lair:3)
  2 moths of wrath (Spider:2)
  4 black mambas
  A torpor snail (Spider:4)
  6 komodo dragons
  4 spiny frogs
  A gargoyle (D:9)
  5 demonic crawlers
  3 trolls
  17 jumping spiders
  A queen bee (D:9)
  A fire drake (Lair:3)
  2 polar bears (Lair:5)
  A two-headed ogre (Orc:4)
  4 boulder beetles
  A blue devil (Orc:4)
  2 ravens (Lair:4)
  10 blink frogs
  12 trapdoor spiders
  26 yaks
  A ynoxinul (Orc:4)
  21 redbacks
  A spriggan (Lair:5)
  3 fire elementals (Spider:4)
  Eustachio (D:4)
  11 tarantellas
  Grum (Orc:3)
  7 hippogriffs
  4 wraiths (Orc:4)
  23 wolves
  5 wargs (Orc:4)
  Edmund (D:6)
  A hell hound (Spider:4)
  5 porcupines
  6 water moccasins
  An ice beast (D:5)
  18 spiders
  A black bear (Lair:5)
  17 ogres
  2 sky beasts
  A phantom (D:9)
  A centaur (D:7)
  41 orc warriors
  2 boring beetles
  10 crocodiles
  5 big kobolds (Sewer)
  Blork the orc (D:9)
  8 giant frogs
  4 scorpions
  17 killer bees
  A troll skeleton (Orc:4)
  A gnoll shaman (D:6)
  37 orc priests
  2 giant frog zombies
  11 hounds
  A jelly (D:9)
  A quasit (D:9)
  5 iguanas
  10 worker ants
  30 orc wizards
  A sheep (Lair:6)
  2 hound skeletons
  4 gnolls (D:6)
  14 adders
  36 river rats
  4 giant mites (D:3)
  A shadow imp (D:7)
  2 worms
  An adder zombie (D:5)
  4 orc zombies (Orc:4)
  5 oozes (Sewer)
  235 orcs
  7 ball pythons
  14 bats
  A bat skeleton (D:4)
  28 goblins
  20 hobgoblins
  10 jackals
  30 kobolds
  11 quokkas
  9 giant cockroaches
  2 giant geckos (D:3)
  6 giant newts
  2 giant spores
  A quokka skeleton (D:4)
  A quokka zombie (D:7)
  12 rats
  7 ballistomycetes
960 creatures vanquished.

Vanquished Creatures (others)
  A tarantella (Spider:4)
  An orc wizard (Orc:4)
  2 giant spores
4 creatures vanquished.

Grand Total: 964 creatures vanquished

Notes
Turn   | Place    | Note
--------------------------------------------------------------
     0 | D:1      | jacksonaction, the Minotaur Fighter, began the quest for the Orb.
     0 | D:1      | Reached XP level 1. HP: 19/19 MP: 1/1
   155 | D:1      | Reached XP level 2. HP: 26/26 MP: 1/1
   351 | D:1      | Reached skill level 4 in Maces & Flails
   576 | D:1      | Reached XP level 3. HP: 31/31 MP: 2/2
   758 | D:2      | Found a bloodstained altar of Trog.
   758 | D:2      | Found an iron altar of Okawaru.
   759 | D:2      | Found an ancient bone altar of Kikubaaqudgha.
   800 | D:2      | Reached skill level 5 in Maces & Flails
   827 | D:2      | Reached XP level 4. HP: 20/39 MP: 2/2
   835 | D:2      | Found a shadowy altar of Dithmenos.
  1153 | D:2      | Found a basalt altar of Yredelemnul.
  1225 | D:2      | Found a deep blue altar of Sif Muna.
  1282 | D:2      | Found Gozag's Platinum Reserve.
  1286 | D:2      | Found an opulent altar of Gozag.
  1622 | D:2      | Found a glowing silver altar of Zin.
  1789 | D:2      | Became a worshipper of Warmaster Okawaru
  1839 | D:3      | Reached skill level 1 in Invocations
  1998 | D:3      | Reached XP level 5. HP: 40/45 MP: 3/3
  1999 | D:3      | Found a glowing golden altar of the Shining One.
  2154 | D:3      | Found a glowing drain.
  2177 | Sewer    | Entered a sewer
  2246 | Sewer    | Reached XP level 6. HP: 39/51 MP: 5/7
  2295 | Sewer    | Acquired Okawaru's first power
  2574 | Sewer    | Reached skill level 5 in Armour
  2741 | Sewer    | Reached skill level 5 in Shields
  2791 | Sewer    | Reached skill level 6 in Maces & Flails
  2791 | Sewer    | Reached XP level 7. HP: 44/57 MP: 8/8
  3192 | D:4      | Noticed Eustachio
  3238 | D:4      | Killed Eustachio
  3238 | D:4      | Reached skill level 7 in Maces & Flails
  3488 | D:4      | Got a polished plate armour
  3499 | D:4      | Identified the cursed -3 plate armour "Oxifaosch" {rElec rC++ Str-4} (You found it on level 4 of the Dungeon)
  4115 | D:5      | Entered Level 5 of the Dungeon
  4249 | D:5      | Reached skill level 8 in Maces & Flails
  4575 | D:5      | Found a shimmering altar of Xom.
  4867 | D:5      | Reached XP level 8. HP: 64/64 MP: 9/9
  4889 | D:5      | Reached skill level 9 in Maces & Flails
  5242 | D:5      | Found a staircase to the Ecumenical Temple.
  5400 | D:6      | Noticed Edmund
  5414 | D:6      | Killed Edmund
  5934 | D:6      | Found Yzxez's Elemental Accessories.
  6821 | D:7      | Reached skill level 1 in Evocations
  6821 | D:7      | Reached XP level 9. HP: 34/73 MP: 10/10
  7573 | D:7      | Found a burning altar of Makhleb.
  7776 | D:8      | Found a staircase to the Lair.
  7939 | D:8      | Found a radiant altar of Vehumet.
  8390 | D:9      | Found a stormy altar of Qazlal.
  8705 | D:9      | Reached skill level 10 in Armour
  9456 | D:9      | Reached skill level 11 in Armour
  9515 | D:9      | Noticed a gargoyle
  9527 | D:9      | Killed a gargoyle
  9527 | D:9      | Reached XP level 10. HP: 58/80 MP: 8/12
  9561 | D:9      | Reached skill level 5 in Evocations
 10335 | D:9      | Found a staircase to the Orcish Mines.
 10633 | Orc:1    | Entered Level 1 of the Orcish Mines
 10633 | Orc:1    | Noticed Blork the orc
 10648 | D:9      | Killed Blork the orc
 10843 | Orc:1    | Received a gift from Okawaru
 10970 | Orc:1    | Reached skill level 10 in Maces & Flails
 11348 | Orc:2    | Found a shimmering altar of Xom.
 11404 | Orc:2    | Noticed Snorg
 11416 | Orc:2    | Killed Snorg
 11416 | Orc:2    | Acquired Okawaru's second power
 12033 | Orc:3    | Found a staircase to the Elven Halls.
 12086 | Orc:3    | Found an iron altar of Okawaru.
 12106 | Orc:3    | Reached skill level 5 in Invocations
 12184 | Orc:3    | Found Crosma's Magic Scroll Emporium.
 12235 | Orc:3    | Bought a scroll of enchant weapon for 97 gold pieces
 12235 | Orc:3    | Bought a scroll of recharging for 123 gold pieces
 12235 | Orc:3    | Bought a scroll of blinking for 97 gold pieces
 12235 | Orc:3    | Bought a scroll of identify for 26 gold pieces
 12235 | Orc:3    | Bought a scroll of fear for 45 gold pieces
 12235 | Orc:3    | Bought a scroll of identify for 26 gold pieces
 12235 | Orc:3    | Bought a scroll of fog for 26 gold pieces
 12349 | Orc:4    | Entered Level 4 of the Orcish Mines
 12610 | Orc:4    | Reached XP level 11. HP: 59/85 MP: 14/16
 12814 | Orc:4    | Noticed Josephine
 12825 | Orc:4    | Killed Josephine
 13203 | Orc:4    | Noticed a stone giant
 13235 | Orc:4    | Noticed an orc knight
 13235 | Orc:4    | Noticed an orc sorcerer
 13249 | Orc:4    | Killed an orc sorcerer
 13279 | Orc:3    | Noticed Grum
 13279 | Orc:3    | Noticed Harold
 13745 | Orc:4    | Killed an orc knight
 13979 | Orc:4    | Found a roughly hewn altar of Beogh.
 14102 | Orc:4    | Found Culudd's Magic Scroll Emporium.
 14107 | Orc:4    | Bought a scroll of enchant weapon for 82 gold pieces
 14107 | Orc:4    | Bought a scroll of vulnerability for 82 gold pieces
 14107 | Orc:4    | Bought 2 scrolls of enchant armour for 165 gold pieces
 14107 | Orc:4    | Bought a scroll of holy word for 82 gold pieces
 14107 | Orc:4    | Bought a scroll of teleportation for 33 gold pieces
 14107 | Orc:4    | Bought a scroll of teleportation for 33 gold pieces
 14107 | Orc:4    | Bought a scroll of identify for 22 gold pieces
 14107 | Orc:4    | Bought a scroll of enchant armour for 82 gold pieces
 14107 | Orc:4    | Bought a scroll of identify for 22 gold pieces
 14107 | Orc:4    | Bought a scroll of enchant weapon for 82 gold pieces
 14117 | Orc:4    | Found Mimur's Distillery.
 14117 | Orc:4    | Noticed a stone giant
 14143 | Orc:4    | Killed a stone giant
 14143 | Orc:4    | Received a gift from Okawaru
 14143 | Orc:4    | Reached skill level 12 in Armour
 14164 | Orc:4    | Bought a potion of brilliance for 48 gold pieces
 14164 | Orc:4    | Bought a potion of heal wounds for 60 gold pieces
 14164 | Orc:4    | Bought a potion of haste for 120 gold pieces
 14389 | Orc:4    | Noticed an orc knight
 14389 | Orc:4    | Noticed an orc knight
 14426 | Orc:4    | Killed an orc knight
 14615 | Orc:4    | Killed an orc knight
 14712 | Orc:4    | HP: 1/85 [stone giant/large rock (5)]
 15238 | Orc:4    | Noticed an orc high priest
 15265 | Orc:4    | Reached skill level 10 in Shields
 15309 | Orc:4    | Killed an orc high priest
 15493 | Orc:4    | Reached XP level 12. HP: 93/93 MP: 18/20
 15729 | Orc:4    | Killed a stone giant
 15729 | Orc:4    | Reached skill level 13 in Armour
 15745 | Orc:4    | Reached skill level 5 in Fighting
 15801 | Orc:4    | Noticed an orc warlord
 15822 | Orc:4    | Killed an orc warlord
 15887 | Orc:4    | Noticed an orc warlord
 15914 | Orc:4    | Killed an orc warlord
 15953 | Orc:4    | Found a roughly hewn altar of Beogh.
 16012 | Orc:4    | Noticed an orc high priest
 16148 | Orc:4    | Killed an orc high priest
 16195 | Orc:4    | Found Kuwk's Weapon Shoppe.
 16251 | Orc:4    | Noticed an orc high priest
 16262 | Orc:4    | Killed an orc high priest
 16298 | Orc:4    | Found Erant's Antique Weapon Emporium.
 16353 | Orc:4    | Noticed an orc high priest
 16371 | Orc:4    | Noticed an orc sorcerer
 16371 | Orc:4    | Noticed an orc sorcerer
 16371 | Orc:4    | Noticed an orc sorcerer
 16371 | Orc:4    | Noticed an orc sorcerer
 16412 | Orc:4    | Killed an orc sorcerer
 16426 | Orc:4    | Paralysed by an orc sorcerer for 4 turns
 16432 | Orc:4    | Killed an orc sorcerer
 16435 | Orc:4    | Killed an orc sorcerer
 16442 | Orc:4    | Killed an orc sorcerer
 16717 | Orc:4    | Killed an orc high priest
 16732 | Orc:4    | Noticed an orc high priest
 16750 | Orc:4    | Killed an orc high priest
 16877 | Orc:4    | Noticed an orc high priest
 16898 | Orc:4    | Killed an orc high priest
 16904 | Orc:4    | Noticed an orc high priest
 16911 | Orc:4    | Killed an orc high priest
 16911 | Orc:4    | Received a gift from Okawaru
 17448 | Orc:4    | Noticed Erica
 17569 | Orc:3    | Killed Grum
 17600 | Orc:3    | Killed Harold
 17600 | Orc:3    | Reached XP level 13. HP: 111/111 MP: 23/23
 17723 | Orc:4    | Reached skill level 10 in Invocations
 17764 | Orc:4    | Killed Erica
 18078 | Orc:3    | Bought a scroll of identify for 26 gold pieces
 18078 | Orc:3    | Bought a scroll of remove curse for 39 gold pieces
 18078 | Orc:3    | Bought a scroll of remove curse for 39 gold pieces
 18243 | Lair:1   | Entered Level 1 of the Lair of Beasts
 18371 | Lair:1   | Noticed Nergalle
 18382 | Lair:1   | Killed Nergalle
 18576 | Lair:1   | Noticed murphyslaw's ghost (experienced KoAs)
 18596 | Lair:1   | Killed murphyslaw's ghost
 19609 | Lair:2   | Identified a scroll of acquirement
 20112 | Lair:3   | Found a staircase to the Shoals.
 20211 | Lair:3   | Reached skill level 14 in Armour
 22792 | Lair:5   | Reached XP level 14. HP: 112/118 MP: 24/24
 22812 | Lair:5   | Learned a level 3 spell: Vampiric Draining
 22840 | Lair:5   | Reached skill level 15 in Maces & Flails
 23136 | Lair:5   | Reached skill level 1 in Necromancy
 24284 | Lair:6   | Found a hole to the Spider Nest.
 24837 | Spider:1 | Entered Level 1 of the Spider Nest
 24950 | Spider:1 | Reached skill level 5 in Necromancy
 25775 | Spider:2 | Noticed an emperor scorpion
 25808 | Spider:2 | Killed an emperor scorpion
 26010 | Spider:2 | Received a gift from Okawaru
 26021 | Spider:2 | Reached skill level 1 in Spellcasting
 26084 | Spider:2 | HP: 4/118 [tarantella (21)]
 27152 | Spider:2 | Noticed an emperor scorpion
 27210 | Spider:2 | Killed an emperor scorpion
 27815 | Spider:3 | Noticed Louise
 27854 | Spider:3 | Killed Louise
 27854 | Spider:3 | Received a gift from Okawaru
 27946 | Spider:3 | Reached XP level 15. HP: 124/124 MP: 25/25
 28768 | Spider:4 | Got a flickering glass ring
 28770 | Spider:4 | Identified the ring "Xasuuh" {Wiz rF+} (You found it on level 4 of the Spider Nest)
 28830 | Spider:4 | Noticed Rupert
 28839 | Spider:4 | Killed Rupert
 29094 | Spider:4 | Noticed Azrael
 29340 | Spider:4 | Reached skill level 15 in Armour
 29446 | Spider:4 | Reached skill level 1 in Dodging
 29455 | Spider:4 | Noticed Arachne
 29858 | Spider:4 | Killed Azrael
 30000 | Spider:4 | Killed Arachne
 30224 | Spider:4 | Noticed Nikola
 30241 | Spider:4 | Killed from afar by Nikola

Action                   |  1- 3 |  4- 6 |  7- 9 | 10-12 | 13-15 || total
-------------------------+-------+-------+-------+-------+-------++-------
Melee: Flail             |   110 |   228 |   319 |       |       ||   657
       Whip              |       |       |   318 |  1206 |  1097 ||  2621
       Demon whip        |       |       |       |       |   463 ||   463
 Fire: Blowgun           |       |       |     4 |       |       ||     4
Throw: Stone             |       |    36 |       |       |       ||    36
       Tomahawk          |       |       |    27 |   118 |   248 ||   393
       Javelin           |       |       |     1 |     6 |       ||     7
Invok: Heroism           |       |       |     4 |    32 |    37 ||    73
       Finesse           |       |       |       |     1 |       ||     1
  Use: Potion            |       |     4 |     1 |       |     7 ||    12
       Scroll            |       |       |     7 |    14 |    19 ||    40
 Stab: Fleeing           |       |       |       |       |     1 ||     1
  Eat: Chunk             |       |     4 |    19 |    28 |    42 ||    93
       Bread ration      |       |     1 |       |       |       ||     1
       Beef jerky        |       |       |     1 |       |       ||     1
       Pizza             |       |       |       |       |     1 ||     1
